 Dungeon Crawl Stone Soup version 0.28.0 (webtiles) character file.

Game seed: 11333729438778586495

77 enile the Chiller (level 3, 0/31 HPs)
             Began as a Demigod Ice Elementalist on Feb 14, 2022.
             Slain by a centaur zombie (3 damage)
             ... on level 3 of the Dungeon.
             The game lasted 00:02:55 (2711 turns).

enile the Chiller (Demigod Ice Elementalist)        Turns: 2711, Time: 00:02:56

Health: 0/31       AC:  2    Str:  9    XL:     3   Next: 92%
Magic:  2/8        EV: 12    Int: 21    God:
Gold:   77         SH:  0    Dex: 14    Spells: 1/5 levels left

rFire   . . .      SeeInvis .   f - +0 short sword
rCold   . . .      Faith    .   (no shield)
rNeg    . . .      Spirit   .   a - +0 robe
rPois   .          Reflect  .   (no helmet)
rElec   .          Harm     .   (no cloak)
rCorr   .          Rampage  .   (no gloves)
Will    .....                   (no boots)
Stlth   ++........              (no amulet)
HPRegen 0.10/turn               (no ring)
MPRegen 0.11/turn               (no ring)

@: about to teleport, very slightly contaminated
A: high MP 1, forlorn, divine attributes
a: no special abilities


You were on level 3 of the Dungeon.
You visited 1 branch of the dungeon, and saw 3 of its levels.

You collected 99 gold pieces.
You spent 22 gold pieces at shops.

Inventory:

Hand Weapons
 f - a +0 short sword (weapon)
Missiles
 h - 3 poisoned darts
Armour
 a - a +0 robe (worn)
Scrolls
 b - a scroll of enchant weapon
 d - a scroll of amnesia {unknown}
 e - a scroll of vulnerability
 g - a scroll of fog
 j - a scroll of magic mapping {unknown}
 k - a scroll of identify
 m - a scroll of fear {unknown}
 o - a scroll of blinking {unknown}
Potions
 c - 3 potions of heal wounds {unknown}
 l - a potion of cancellation {unknown}
 n - a potion of invisibility {unknown}


   Skills:
 - Level 3.0 Fighting
 - Level 1.7 Dodging
 - Level 1.7 Stealth
 - Level 1.7 Spellcasting
 + Level 4.0 Ice Magic


You had one spell level left.
You knew the following spells:

 Your Spells              Type           Power      Damage    Failure   Level
a - Freeze                Ice            72%        1d9       2%          1
b - Frozen Ramparts       Ice            36%        1d5       9%          3

Your spell library contained the following spells:

 Spells                   Type           Power      Damage    Failure   Level
 Ozocubu's Armour         Ice            18%        N/A       9%          3
 Hailstorm                Conj/Ice       10%        3d5       54%         4


Dungeon Overview and Level Annotations

Branches:
Dungeon (3/15)

Shops:
D:1 *


Innate Abilities, Weirdness & Mutations

You have an increased reservoir of magic. (+10% MP)
You shall have no god before yourself.
Your divine heritage dramatically boosts your attributes as you level up.


Message History

The centaur zombie completely resists.
The centaur zombie hits you. The centaur zombie closely misses you.
Casting: Freeze (safe; 2% risk of failure)
Confirm with . or Enter, or press ? or * to list all spells.
Casting: Frozen Ramparts (quite dangerous; 9% risk of failure)
Press: ? - help, Dir - look around, f - activate You miscast Frozen Ramparts.
You are very lightly contaminated with residual magic.
Nothing appears to happen.
The centaur zombie closely misses you.
The centaur zombie kicks you but does no damage.
Casting: Frozen Ramparts (quite dangerous; 9% risk of failure)
Confirm with . or Enter, or press ? or * to list all spells.
You don't have enough magic to cast this spell.
You barely miss the centaur zombie.
The centaur zombie is lightly damaged.
The centaur zombie hits you. The centaur zombie barely misses you.
The centaur zombie hits you. The centaur zombie kicks you.
You hit the centaur zombie.
The centaur zombie is lightly damaged.
The centaur zombie barely misses you. The centaur zombie closely misses you.
The centaur zombie hits you. The centaur zombie kicks you.
Sorry, you're not good enough to have a special ability.
As you read the scroll labelled QOX NUBOJO, it crumbles to dust.
The scroll dissolves into smoke.
It was a scroll of fog.
The centaur zombie hits you.
* * * LOW HITPOINT WARNING * * *
The centaur zombie barely misses you.
As you read the scroll labelled PAOGHE FUPILE, it crumbles to dust.
It is a scroll of identify.
b - a scroll of enchant weapon The centaur zombie hits you.
* * * LOW HITPOINT WARNING * * *
The centaur zombie kicks you.
* * * LOW HITPOINT WARNING * * *
As you read the scroll labelled YSCHOCH KEMI, it crumbles to dust.
You feel strangely unstable.
It was a scroll of teleportation.
The centaur zombie hits you.
* * * LOW HITPOINT WARNING * * *
The centaur zombie barely misses you. The centaur zombie hits you.
You die...

#........#.#
#.....<..#.#
#........#.#
#........#.#
#........#.#
#........#.#
####+###§§§#
#......§§§#
....#####@#
.. #Z# #§#
#.# #.# #.#
#.# #.# #..


You could see a centaur zombie.

Vanquished Creatures
  2 adders (D:2)
  4 dart slugs
  An orc (D:2)
  3 bats (D:1)
  2 endoplasms (D:2)
  A giant cockroach (D:2)
  5 goblins
  2 hobgoblins
  3 jackals (D:2)
  2 quokkas (D:1)
  4 ball pythons
  9 frilled lizards
  9 kobolds
  7 rats
54 creatures vanquished.

Notes
Turn   | Place    | Note
-------+----------+-------------------------------------------
     0 | D:1      | enile the Demigod Ice Elementalist began the quest for the
                  | Orb.
     0 | D:1      | Reached XP level 1. HP: 14/14 MP: 5/5
   212 | D:1      | Reached skill level 1 in Fighting
   412 | D:1      | Reached XP level 2. HP: 20/23 MP: 5/7
   881 | D:1      | Found Elef's Assorted Antiques.
   920 | D:1      | Bought a scroll labelled QOX NUBOJO for 22 gold pieces
  1018 | D:1      | Reached XP level 3. HP: 29/30 MP: 4/8
  1029 | D:1      | Learned a level 3 spell: Frozen Ramparts
  2104 | D:2      | Reached skill level 4 in Ice Magic
  2711 | D:3      | Slain by a centaur zombie

Illustrated notes

Levels and vault maps discovered:
D:1:      dpeg_arrival_solitude, layout_basic, serial_shops, shop,
          minmay_lizard_pond
D:2:      layout_basic, ebering_ecumenical_altar_mist
D:3:      layout_basic, lightli_corner_chamber, uniq_grinder

Skill      XL: |  1  2  3 |
---------------+----------+-----
Fighting       | 1 2 3 |  3.0
Ice Magic      | 4 |  4.0
Dodging        | |  1.7
Stealth        | |  1.7
Spellcasting   | |  1.7

Action                   || total
-------------------------++-------
Melee: Unarmed           ||    16
       Short sword       ||    38
 Cast: Freeze            ||    50
       Frozen Ramparts   ||     9
  Use: Scroll            ||     4
 Stab: Sleeping          ||     5
Armor: Robe              ||    14
Dodge: Dodged            ||    56
